 Dungeon Crawl Stone Soup version 0.30-a0-322-g102857c98e (webtiles) character file.

Game seed: 11822665008148584917

91115 Zonian the Warrior (level 16, -8/134 HPs)
             Began as a Djinni Ice Elementalist on Oct 28, 2022.
             Was a High Priest of Ashenzari.
             Mangled by an iron troll (17 damage)
             ... on level 1 of the Orcish Mines.
             The game lasted 00:56:27 (26240 turns).

Zonian the Warrior (Djinni Ice Elementalist)       Turns: 26240, Time: 00:56:28

Health: -8/134     AC: 11    Str: 13    XL:     16   Next: 49%
Gold:   1176       EV: 18    Int: 23    God:    Ashenzari [*****.] SH:  7 Dex: 16

rFire   + + +      SeeInvis +    m - +10 sling of Righteous Anger {drain, rF+}
rCold   . . .      Faith    .    a - +2 buckler of Supernal Understanding {Evo, Melee} (curse)
rNeg    . . .      Spirit   .    L - +2 robe of the Sibylline Apathy {Will+, Fort, Melee} (curse)
rPois   ∞          Reflect  .    l - +1 helmet "Cursed Awkwardness" {Melee, Cun} (curse)
rElec   .          Harm     .    x - +2 cloak of Toth-Mos's Legacy {Self, Range} (curse)
rCorr   +          Rampage  .    p - +1 pair of gloves of Ashenzari's Planets {Self, Cun} (curse)
Will    +++..      Clarity  +    (boots unavailable)
Stlth   ++++......               W - amulet of the acrobat
HPRegen 0.42/turn                g - ring of Cremastomancy {Str+6, Cun, Range} (curse)
MPRegen 0.00/turn                I - ring of the Manifest Negation {rC+ Will+ rCorr, Range, Melee} (curse)

@: freezing walls, flying, studying 3 skills
A: sickness immunity, fire resistance 2, cold vulnerability 1, float, innate
caster, HP casting, extra vitality 1
a: Renounce Religion, Curse Item, Shatter the Chains


You were on level 1 of the Orcish Mines.
You worshipped Ashenzari.
Ashenzari was extremely pleased with you.
You visited 3 branches of the dungeon, and saw 22 of its levels.
You also visited: Ossuary.

You collected 1934 gold pieces.
You spent 758 gold pieces at shops.

Inventory:

Hand Weapons
 f - a +0 vorpal short sword
 m - the +10 sling of Righteous Anger (weapon) {drain, rF+}
   (You took it off a goblin on level 3 of the Dungeon)

   A truly terrible weapon, it drains the life of any living foe it strikes.
   rF:        It protects you from fire.
 o - a +1 dagger of draining
 T - a +1 scimitar of flaming
 X - the +8 long sword of Capital Punishment {vorpal, rElec Will+ Stlth+}
   (You found it on level 15 of the Dungeon)

   It inflicts extra damage upon your enemies.
   rElec:     It insulates you from electricity.
   Will:      It increases your willpower.
   Stlth:     It makes you more stealthy.
Missiles
 A - 6 boomerangs of dispersal
 B - 4 throwing nets
 K - 4 silver javelins
 O - 2 curare-tipped darts
 Q - 5 silver boomerangs
Armour
 a - the cursed +2 buckler of Supernal Understanding (worn) {Evo, Melee}
   (You found it on level 2 of the Lair of Beasts)

   It has a curse which improves the following skills: Evocations: Evocations.
   Melee Combat: Short Blades, Long Blades, Axes, Maces & Flails, Polearms,
   Staves and Unarmed Combat.
 l - the cursed +1 helmet "Cursed Awkwardness" (worn) {Melee, Cun}
   (You found it on level 2 of the Dungeon)

   It has a curse which improves the following skills: Melee Combat: Short
   Blades, Long Blades, Axes, Maces & Flails, Polearms, Staves and Unarmed
   Combat.
   Cunning:   Dodging and Stealth.
 p - the cursed +1 pair of gloves of Ashenzari's Planets (worn) {Self, Cun}
   (You found it on level 5 of the Dungeon)

   It has a curse which improves the following skills: Introspection: Fighting
   and Spellcasting.
   Cunning:   Dodging and Stealth.
 x - the cursed +2 cloak of Toth-Mos's Legacy (worn) {Self, Range}
   (You found it on level 6 of the Dungeon)

   It has a curse which improves the following skills: Introspection: Fighting
   and Spellcasting.
   Ranged Combat: Ranged Weapons and Throwing.
 L - the cursed +2 robe of the Sibylline Apathy (worn) {Will+, Fort, Melee}
   (You took it off Erolcha on level 10 of the Dungeon)

   It has a curse which improves the following skills: Fortitude: Armour and
   Shields.
   Melee Combat: Short Blades, Long Blades, Axes, Maces & Flails, Polearms,
   Staves and Unarmed Combat.
 Z - a +0 hat of intelligence
Jewellery
 g - the cursed ring of Cremastomancy (left hand) {Str+6, Cun, Range}
   (You found it on level 4 of the Dungeon)

   [ring of strength]

   Str:       It affects your strength (+6).
   It has a curse which improves the following skills: Cunning: Dodging and
   Stealth.
   Ranged Combat: Ranged Weapons and Throwing.
 I - the cursed ring of the Manifest Negation (right hand) {rC+ Will+ rCorr, Range, Melee}
   (You acquired it on level 9 of the Dungeon)

   [ring of protection from cold]

   rC:        It protects you from cold.
   rCorr:     It protects you from acid and corrosion.
   Will:      It increases your willpower.
   It has a curse which improves the following skills: Ranged Combat: Ranged
   Weapons and Throwing.
   Melee Combat: Short Blades, Long Blades, Axes, Maces & Flails, Polearms,
   Staves and Unarmed Combat.
 W - an amulet of the acrobat (around neck)
Wands
 b - a wand of flame (67)
 C - a wand of polymorph (5)
 D - a wand of quicksilver (7)
 E - a wand of iceblast (13)
 M - a wand of mindburst (13)
 N - a wand of paralysis (1)
Scrolls
 d - a scroll of fear
 q - 5 scrolls of teleportation
 w - 6 scrolls of fog
 y - 4 scrolls of magic mapping
 G - 8 scrolls of poison
 H - 3 scrolls of enchant weapon
 U - a scroll of summoning
 V - 2 scrolls of enchant armour
 Y - a scroll of blinking
Potions
 e - 2 potions of ambrosia
 h - 2 potions of lignification
 i - 6 potions of curing
 j - 2 potions of cancellation
 k - 5 potions of brilliance
 s - 5 potions of haste
 t - 2 potions of might
 u - 2 potions of resistance
 J - 7 potions of heal wounds
 S - 2 potions of berserk rage


   Skills:
 + Level 15.2(18.5) Fighting
 - Level 12.7(17.1) Ranged Weapons
 - Level 7.5(12.0) Dodging
 - Level 5.6(10.0) Stealth
 - Level 2.2(4.0) Shields
 + Level 12.7(16.1) Spellcasting
 - Level 5.7(8.0) Evocations


You had 11 spell levels left.
You knew the following spells:

 Your Spells              Type           Power      Damage    Failure   Level
a - Freeze                Ice            100%       1d10      0%          1
b - Frozen Ramparts       Ice            100%       1d16      0%          3
c - Ozocubu's Armour      Ice            75%        N/A       0%          3
d - Summon Ice Beast      Ice/Summ       75%        N/A       1%          4
e - Kiss of Death         Conj/Necr      100%       2d13      0%          1
f - Momentum Strike       Conj/Tloc      100%       3d10      0%          2
g - Passwall              Tmut/Erth      62%        N/A       0%          2
h - Passage of Golubria   Tloc           75%        N/A       1%          4
i - Alistair's Intoxicat  Tmut/Pois      50%        N/A       1%          5
j - Lightning Bolt        Conj/Air       37%        1d56      1%          5
k - Summon Cactus Giant   Summ           37%        N/A       1%          6
Your spell library was empty.

Dungeon Overview and Level Annotations

Branches:
Dungeon (15/15)            Temple (0/1) D:7            Lair (5/5) D:10
 Shoals (0/4) Lair:3       Spider (0/4) Lair:2        Slime (0/5) Lair:4
    Orc (2/2) D:11         Vaults (0/5) D:13         Depths (0/4) D:15
Ossuary (visited)
    Elf: Orc:2

Altars:
Ashenzari
Cheibriados
Fedhas
Hepliaklqana
Makhleb
Nemelex Xobeh
Okawaru
Qazlal
Ru
Trog
Wu Jian
Xom
Yredelemnul
Jiyva

Shops:
D:7 ?   D:11 *   D:13 (   D:15 [   Orc:2 [

Annotations:
D:8 2 transporters, Powertoast's ghost, novice BaHu


Innate Abilities, Weirdness & Mutations

You are immune to sickness and miasma.
You are immune to poison.
Your flesh is very heat resistant. (rF++)
You are vulnerable to cold. (rC-)
You float through the air rather than walking.
You learn spells naturally, not from books.
Your magical power is your life essence.
You have superior vitality. (+4 MHP)


Message History

Fire: m) +10 sling of Righteous Anger {drain, rF+}
Press: ? - help, Q - select action, (/) - cycle Shift-Dir - straight line, f - cyclops
Aim: a cyclops, quivering large rocks (heavily wounded, 91% to hit)
You shoot a sling bullet. The sling bullet hits the cyclops!!
You drain the cyclops.
You kill the cyclops!
The iron troll closely misses you. The iron troll claws you!
* * * LOW HITPOINT WARNING * * *
The iron troll barely misses you.
Unknown command.
Fire: m) +10 sling of Righteous Anger {drain, rF+}
Press: ? - help, Q - select action, (/) - cycle Shift-Dir - straight line, f - ogre
Aim: an ogre, wielding a +0 giant club (heavily wounded, 86% to hit)
You shoot a sling bullet. The sling bullet hits the ogre!
You drain the ogre.
The ogre is almost dead.
The wall freezes the two-headed ogre!
The two-headed ogre barely misses you. The two-headed ogre misses you.
You block the ogre's attack.
The wall freezes the ogre.
You kill the ogre!
Unknown command.
Fire: m) +10 sling of Righteous Anger {drain, rF+}
Press: ? - help, Q - select action, (/) - cycle Shift-Dir - straight line, f - two-headed ogre
Aim: a two-headed ogre, wielding two +0 giant clubs (moderately wounded, 86% to hit)
You shoot a sling bullet.
The sling bullet hits the two-headed ogre!
You drain the two-headed ogre.
The two-headed ogre is heavily wounded.
The iron troll closely misses you. The iron troll claws you!
* * * LOW HITPOINT WARNING * * *
The iron troll claws you!
* * * LOW HITPOINT WARNING * * *
You feel much better.
The wall freezes the two-headed ogre!
The two-headed ogre hits you with a +0 giant club.
* * * LOW HITPOINT WARNING * * *
The two-headed ogre hits you with a +0 giant club!!
* * * LOW HITPOINT WARNING * * *
The ogre hits you with a +0 giant club!
* * * LOW HITPOINT WARNING * * *
The iron troll completely misses you. The iron troll claws you!
You die...

### # ##.## #
#####...# ###
##......## ..##
#........##
...###.........#####
....#....#.....)##.##
....#)...#.....(@O..#
.........#.....OT(.##
........###........#
.......#####......##
.........##......##
.................##
#...........##....#
.#.#####..[).#...##
.### ##.)).###.##


You could see an iron troll, a two-headed ogre (drained) and an ogre.

Vanquished Creatures
  Louise (D:15)
  An ironbound preserver (D:13)
  An ettin (D:15)
  An entropy weaver (shapeshifter) (D:13)
  5 hydras
  Erolcha (D:10)
  2 ogre magi
  3 catoblepae (Lair:5)
  A death knight (D:13)
  4 centaur warriors
  4 boulder beetles
  10 two-headed ogres
  4 tengu warriors
  13 death yaks
  An orc high priest (Orc:1)
  Sonja (Lair:3)
  Amaemon (Lair:3)
  An orb spider (Lair:2)
  A deep troll (D:15)
  3 wizards
  An orc knight (D:15)
  3 deep elf pyromancers
  6 manticores
  7 cyclopes
  4 ugly things
  An oklob plant (Lair:3)
  A faun (shapeshifter) (D:13)
  Maurice (D:10)
  A merfolk siren (Lair:3)
  17 elephants
  Joseph (D:7)
  3 black mambas
  An ice statue (D:10)
  16 cane toads
  2 efreet
  An orange demon (Lair:3)
  8 komodo dragons
  3 tengu conjurers
  A rime drake (Lair:3)
  4 kobold demonologists
  9 trolls
  3 polar bears
  3 merfolk (Lair:3)
  2 hornets
  6 dream sheep (Lair:3)
  5 slime creatures
  2 vampires
  2 shadows
  A spriggan (shapeshifter) (D:15)
  10 wyverns
  2 wraiths
  42 yaks
  2 steam dragons (D:8)
  7 basilisks
  A death yak simulacrum (Lair:1)
  13 vampire mosquitoes
  18 water moccasins
  5 acid dragons
  6 sky beasts
  7 orc warriors
  4 black bears
  3 wolves (Lair:5)
  15 ogres
  16 centaurs
  A kobold brigand (D:9)
  13 bullfrogs
  3 necrophages
  3 scorpions
  A cane toad simulacrum (Lair:1)
  5 wights
  An elephant simulacrum (Lair:1)
  20 killer bees
  3 howler monkeys (D:8)
  An electric eel (Lair:3)
  A crimson imp (D:3)
  2 centaur zombies (D:8)
  4 human zombies
  2 hounds
  9 orc priests
  13 jellies
  Ijyb (D:5)
  4 iguanas
  11 orc wizards
  5 hell rats (Lair:2)
  A polar bear simulacrum (Lair:1)
  7 mummies
  A howler monkey zombie (D:8)
  13 gnolls
  7 adders
  A shadow imp (D:7)
  An ufetubus (D:6)
  An adder zombie (Ossuary)
  5 worms
  3 dart slugs
  38 orcs
  20 endoplasms
  6 giant cockroaches
  6 hobgoblins
  3 jackals (D:5)
  7 quokkas
  2 ball pythons
  3 bats (D:2)
  A frilled lizard (D:2)
  6 goblins
  A goblin zombie (Ossuary)
  8 hobgoblin zombies (Ossuary)
  3 jackal zombies (Ossuary)
  10 kobolds
  9 kobold zombies (Ossuary)
  9 orc zombies (Ossuary)
  5 rats
  3 rat zombies (Ossuary)
  A butterfly (Lair:4)
609 creatures vanquished.

Vanquished Creatures (collateral kills)
  A hydra (Lair:5)
  A death yak (Lair:2)
  A troll (Orc:2)
  2 yaks (Lair:4)
  2 ogres (Orc:2)
  An orc priest (Orc:2)
8 creatures vanquished.

Vanquished Creatures (others)
  An acid dragon (D:10)
  An orc (D:8)
  A bush (Lair:5)
  28 fungi
  41 plants
72 creatures vanquished.

Grand Total: 689 creatures vanquished

Notes
Turn   | Place    | Note
-------+----------+-------------------------------------------
     0 | D:1      | Zonian the Djinni Ice Elementalist began the quest for the
                  | Orb.
     0 | D:1      | Zonian set off with the following spells memorised: Freeze,
                  | Frozen Ramparts, Ozocubu's Armour, Summon Ice Beast.
     0 | D:1      | Reached XP level 1. HP: 15/15 MP: 0/0
   261 | D:1      | Reached XP level 2. HP: 11/21 MP: 0/0
   740 | D:2      | Reached XP level 3. HP: 19/25 MP: 0/0
   740 | D:2      | Learned a level 1 spell: Kiss of Death
  1343 | D:2      | Reached XP level 4. HP: 29/31 MP: 0/0
  1715 | D:3      | Found a bloodstained altar of Trog.
  1938 | D:3      | Identified the +10 sling of Righteous Anger {drain, rF+}
  2064 | D:3      | Reached XP level 5. HP: 35/35 MP: 0/0
  2064 | D:3      | Learned a level 2 spell: Momentum Strike
  2227 | D:3      | Found a burning altar of Makhleb.
  2349 | D:3      | Reached skill level 8 in Fighting
  2349 | D:3      | Reached XP level 6. HP: 55/55 MP: 0/0
  2364 | D:4      | Reached skill level 1 in Ranged Weapons
  2364 | D:4      | Reached XP level 7. HP: 56/60 MP: 0/0
  2364 | D:4      | Learned a level 2 spell: Passwall
  2731 | D:4      | Found an iron altar of Okawaru.
  2901 | D:4      | Noticed a two-headed ogre
  2908 | D:4      | Killed a two-headed ogre
  2909 | D:4      | Reached XP level 8. HP: 46/66 MP: 0/0
  3021 | D:4      | Found a hazy altar of Hepliaklqana.
  3155 | D:4      | Found a basalt altar of Yredelemnul.
  3468 | D:5      | Entered Level 5 of the Dungeon
  3468 | D:5      | Found a sand-covered staircase.
  3478 | Ossuary  | Entered an ossuary
  3849 | D:5      | Found a sacrificial altar of Ru.
  3960 | D:5      | Reached XP level 9. HP: 71/71 MP: 0/0
  3960 | D:5      | Learned a level 4 spell: Passage of Golubria
  4024 | D:5      | Noticed Ijyb
  4028 | D:5      | Killed Ijyb
  4204 | D:5      | Found a broken altar of Ashenzari.
  4213 | D:5      | Became a worshipper of Ashenzari the Shackled
  4850 | D:6      | Found a blossoming altar of Fedhas.
  4902 | D:6      | Reached skill level 5 in Ranged Weapons
  5031 | D:6      | Found a shimmering altar of Xom.
  5180 | D:6      | Found an ornate altar of the Wu Jian Council.
  5449 | D:6      | Found a sparkling altar of Nemelex Xobeh.
  5756 | D:7      | Reached XP level 10. HP: 77/77 MP: 0/0
  5809 | D:7      | Reached * piety under Ashenzari
  5905 | D:7      | Found a staircase to the Ecumenical Temple.
  5931 | D:7      | Found Koseb's Magic Scroll Boutique.
  5939 | D:7      | Bought a scroll of enchant armour for 90 gold pieces
  5939 | D:7      | Bought a scroll of teleportation for 36 gold pieces
  5939 | D:7      | Bought a scroll of teleportation for 36 gold pieces
  5939 | D:7      | Bought a scroll of poison for 48 gold pieces
  5939 | D:7      | Bought a scroll of enchant weapon for 90 gold pieces
  5950 | D:7      | Noticed Joseph
  5977 | D:7      | Killed Joseph
  6593 | D:8      | Identified a scroll of acquirement
  6620 | D:8      | Found a transporter.
  6624 | D:8      | Noticed Powertoast's ghost (novice BaHu)
  6626 | D:8      | Noticed a moth of wrath
  6848 | D:8      | Found a transporter.
  7051 | D:8      | Reached ** piety under Ashenzari
  7102 | D:8      | Reached XP level 11. HP: 86/86 MP: 0/0
  7102 | D:8      | Learned a level 5 spell: Alistair's Intoxication
  8112 | D:9      | Acquired the ring "Ilets" {rC+ Will+ rCorr}
  8115 | D:9      | Reached *** piety under Ashenzari
  8261 | D:9      | Found a snail-covered altar of Cheibriados.
  8693 | D:10     | Entered Level 10 of the Dungeon
  8811 | D:10     | Found a staircase to the Lair.
  8812 | D:10     | Noticed Erolcha
  8834 | D:10     | Noticed Maurice
  9308 | D:10     | Killed Maurice
  9308 | D:10     | Noticed a death yak
  9323 | D:10     | Killed a death yak
  9324 | D:10     | Reached skill level 10 in Ranged Weapons
  9731 | D:10     | Killed Erolcha
  9755 | Lair:1   | Entered Level 1 of the Lair of Beasts
  9909 | Lair:1   | Reached XP level 12. HP: 93/93 MP: 0/0
 10321 | Lair:1   | Found a frozen archway.
 10884 | D:10     | Reached **** piety under Ashenzari
 10926 | D:10     | Found a stormy altar of Qazlal.
 11520 | D:10     | Identified the +1 chain mail of the Evening Star {Str+4}
 11687 | Lair:2   | Reached ***** piety under Ashenzari
 11713 | Lair:2   | Noticed a death yak
 11741 | Lair:2   | Killed a death yak
 11849 | Lair:2   | Noticed a death yak
 11849 | Lair:2   | Noticed a death yak
 11853 | Lair:2   | Noticed a death yak
 11868 | Lair:1   | Killed a death yak
 12376 | Lair:2   | Found a hole to the Spider Nest.
 12376 | Lair:2   | Noticed an orb spider
 12383 | Lair:2   | Killed an orb spider
 12384 | Lair:2   | Reached skill level 1 in Shields
 12760 | Lair:2   | Killed a death yak
 13275 | Lair:3   | Noticed a four-headed hydra
 13333 | Lair:3   | Reached skill level 9 in Fighting
 13496 | Lair:3   | Reached XP level 13. HP: 99/102 MP: 0/0
 13496 | Lair:3   | Learned a level 5 spell: Lightning Bolt
 13727 | Lair:3   | Noticed Amaemon
 13739 | Lair:3   | Killed Amaemon
 13746 | Lair:3   | Reached skill level 10 in Fighting
 13847 | Lair:3   | Noticed Sonja
 13851 | Lair:3   | Killed Sonja
 13898 | Lair:3   | Found a staircase to the Shoals.
 14781 | Lair:3   | Killed a four-headed hydra
 14946 | Lair:4   | Noticed an eight-headed hydra
 14951 | Lair:4   | Killed an eight-headed hydra
 14976 | Lair:4   | Reached skill level 11 in Fighting
 15265 | Lair:4   | Found a staircase to the Slime Pits.
 15491 | Lair:4   | Reached skill level 10 in Spellcasting
 15560 | Lair:4   | Noticed a four-headed hydra
 15571 | Lair:4   | Killed a four-headed hydra
 15682 | Lair:5   | Entered Level 5 of the Lair of Beasts
 16106 | Lair:4   | Reached XP level 14. HP: 91/114 MP: 0/0
 16359 | Lair:4   | Reached skill level 5 in Dodging
 16523 | Lair:4   | Reached skill level 1 in Evocations
 17210 | Lair:5   | Reached skill level 12 in Fighting
 17558 | Lair:5   | Reached skill level 5 in Stealth
 19235 | Lair:5   | Reached XP level 15. HP: 103/121 MP: 0/0
 19235 | Lair:5   | Learned a level 6 spell: Summon Cactus Giant
 19681 | D:11     | Found Wuth's General Store.
 19681 | D:11     | Identified the ring "Ywkytopp" {rPois rF- rN+++ AC+4 Str-5}
 19692 | D:11     | Bought a scroll of fear for 52 gold pieces
 19692 | D:11     | Bought a potion of haste for 130 gold pieces
 19692 | D:11     | Bought a scroll of fog for 52 gold pieces
 19738 | D:11     | Identified the ring "Udickeick" {rN+ rCorr Stlth+}
 19765 | D:11     | Reached skill level 5 in Evocations
 19865 | D:11     | Found a staircase to the Orcish Mines.
 20966 | D:13     | Reached skill level 13 in Fighting
 21033 | D:13     | Found Kauc's Antique Weapon Boutique.
 21631 | D:13     | Noticed an ironbound preserver
 21635 | D:13     | Killed an ironbound preserver
 22070 | D:13     | Found a gate to the Vaults.
 22707 | D:14     | Reached skill level 14 in Fighting
 23074 | D:14     | Found a viscous altar of Jiyva.
 23410 | D:15     | Entered Level 15 of the Dungeon
 23589 | D:15     | Reached XP level 16. HP: 128/131 MP: 0/0
 23645 | D:15     | Found a staircase to the Depths.
 23909 | D:15     | Identified the +8 long sword of Capital Punishment {vorpal,
                  | rElec Will+ Stlth+}
 23997 | D:15     | Found Ytatarejyd's Antique Armour Shoppe.
 24032 | D:15     | Bought an embroidered hat for 224 gold pieces
 24242 | D:15     | Noticed Louise
 24253 | D:15     | Killed Louise
 24557 | D:15     | Found a bloodstained altar of Trog.
 24561 | D:15     | Found a shimmering altar of Xom.
 24579 | D:15     | Found a stormy altar of Qazlal.
 24579 | D:15     | Found a basalt altar of Yredelemnul.
 25229 | Orc:1    | Entered Level 1 of the Orcish Mines
 25541 | Orc:2    | Entered Level 2 of the Orcish Mines
 25675 | Orc:2    | Reached skill level 15 in Fighting
 25686 | Orc:2    | Found Keit's Armour Emporium.
 26240 | Orc:1    | Mangled by an iron troll

Illustrated notes

Levels and vault maps discovered:
D:1:      minmay_arrival_plants_in_alcoves, layout_loops_ring
D:2:      layout_rooms
D:3:      layout_basic, grunt_temple_overflow_lords_of_destruction,
          lemuel_coloured_pillars_altar, roderic_cross_of_infinity
D:4:      layout_basic, yredelemnul_altar_generic, okawaru_altar_gauntlet_db,
          nicolae_overflow_hidden_temple, kennysheep_dice
D:5:      nicolae_cairo_tiling_very_big, layout_basic, kennysheep_little_box,
          mainiacjoe_overflow_surrounded_room, nicolae_ossuary_entry_monument,
          uniq_ijyb
D:6:      layout_basic, nicolae_overflow_crystal_walls,
          nemelex_dance_club_becter, amcnicky_altar_gilded, dk_xom_monty_hall,
          minmay_manual_moon
D:7:      layout_cave_pools, minmay_temple_entry_enclosed_plants, serial_shops,
          nicolae_shop_hallway_plus, small_statue_intersection, uniq_joseph
D:8:      layout_loops_ring, lemuel_mausoleum_altar_kikubaaqudgha,
          gammafunk_ghost_berserking_beasts, hangedman_misty_isle
D:9:      layout_layer_cave, mainiacjoe_overflow_six_doors_small,
          marbit_many_paths
D:10:     layout_basic, nicolae_qazlal_eye_of_the_storm, david_lair_generic,
          amethyst_killhole, minmay_stone_trees_small, minivault_16,
          uniq_maurice, uniq_erolcha
D:11:     layout_small_grid, erik_orc_4, serial_shops, shop,
          grunt_decor_clamped, chequers_serial_rivers_micro_e
D:12:     layout_gridville
D:13:     layout_loops_ring, skrybe_vaults_entry_preservation, serial_shops,
          shop
D:14:     layout_gridville, jiyva_altar_1
D:15:     hangedman_depths_entry_civil_slaughter, layout_stronghold,
          doesnt_xom_only_xom, serial_shops, nicolae_square_shop, uniq_louise
Lair:1:   lemuel_slime, layout_gridlike, portal_ice_cave_entry_ice_simulacra,
          guppyfry_lair_drakes
Lair:2:   layout_long_grid, nicolae_spider_entry_orb_guardian
Lair:3:   layout_loops_ring, elwin_shoals_entry_stream, serial_bayou_shore_b,
          grunt_megastairs_1, infiniplex_staircase_pool, lemuel_fruit_fields,
          uniq_sonja, uniq_amaemon
Lair:4:   layout_layer_cave, slime_entry_1, st_stairs_13, lemuel_fruit_fields
Lair:5:   evilmike_catoblepas_cave, layout_small_grid, serial_bayou_crossing,
          infiniplex_staircase_pool_2, lemuel_fruit_tree
Orc:1:    layout_diamond_mine, serial_shops, shop, nicolae_specific_store
Orc:2:    st_orc_open, layout_caves

Skill      XL: |  1  2  3  4  5  6  7  8  9 10 11 12 13 14 15 16 |
---------------+-------------------------------------------------+-----
Stealth        | 2 3 5 |  5.6
Dodging        | 3 4 7 |  7.5
Fighting       | 8 9 11 12 14 15 | 15.2
Spellcasting   | 7 8 10 12 | 12.7
Ranged Weapons | 1 2 3 5 8 11 12 | 12.7
Shields        | 2 |  2.2
Evocations     | 4 5 |  5.7

Action                   |  1- 3 |  4- 6 |  7- 9 | 10-12 | 13-15 | 16-18 || total
-------------------------+-------+-------+-------+-------+-------+-------++-------
Melee: Short sword       |    34 |    12 |       |       |       |       ||    46
       Unarmed           |     1 |       |       |       |       |       ||     1
       Dagger            |       |       |       |     5 |     4 |       ||     9
 Fire: Sling             |       |    28 |   283 |   628 |  1109 |   192 ||  2240
 Cast: Freeze            |    37 |    22 |       |       |       |       ||    59
       Frozen Ramparts   |       |     1 |     2 |    10 |    16 |     3 ||    32
       Ozocubu's Armour  |       |       |     1 |     1 |     6 |       ||     8
       Passage of Golubr |       |       |     2 |     1 |     1 |       ||     4
       Momentum Strike   |       |       |       |     1 |       |       ||     1
       Summon Ice Beast  |       |       |       |     1 |     2 |     2 ||     5
       Lightning Bolt    |       |       |       |       |    41 |    17 ||    58
       Alistair's Intoxi |       |       |       |       |     4 |       ||     4
       Summon Cactus Gia |       |       |       |       |       |     2 ||     2
Invok: Curse Item        |       |       |     1 |     6 |       |       ||     7
Evoke: Wand              |       |       |     1 |     6 |       |     3 ||    10
  Use: Scroll            |       |     1 |    16 |     6 |     2 |     1 ||    26
       Potion            |       |     1 |       |       |       |     3 ||     4
 Stab: Sleeping          |     2 |       |       |       |       |       ||     2
Armor: Robe              |    23 |    10 |    38 |    62 |    91 |    15 ||   239
Dodge: Dodged            |    43 |    16 |   135 |   164 |   214 |    89 ||   661
Block: Buckler           |       |       |       |    11 |   109 |    35 ||   155

Table legend: (Time is in decaauts)
 A = Elapsed time spent in this place.
 B = Non-inter-level travel time spent in this place.
 C = Inter-level travel time spent in this place.
 D = Time resting spent in this place.
 E = Time spent auto-exploring this place.
 F = Levels seen in this place.
 G = Mean time per level.
                   A        B        C        D        E       F      G
               +--------+--------+--------+--------+--------+-----+--------+
         Total |  25874 |  24764 |   1110 |   6247 |  13945 |  23 | 1125.0 |
       Dungeon |  15814 |  15221 |    593 |   2863 |   9664 |  15 | 1054.3 |
          Lair |   8720 |   8236 |    484 |   2872 |   3879 |   5 | 1744.0 |
  Orcish Mines |    990 |    958 |     32 |    511 |    335 |   2 |  495.0 |
       Ossuary |    348 |    348 |      0 |      0 |     67 |   1 |  348.0 |
               +--------+--------+--------+--------+--------+-----+--------+

Top non-repeatable levels by time:
  Lair:5: 2743 daAuts
  Lair:4: 1749 daAuts
    D:15: 1712 daAuts
     D:9: 1674 daAuts
  Lair:2: 1542 daAuts
    D:13: 1487 daAuts
  Lair:3: 1470 daAuts
    D:10: 1421 daAuts
  Lair:1: 1213 daAuts
     D:8: 1171 daAuts
     D:6: 1096 daAuts
     D:1: 1011 daAuts
    D:14: 987 daAuts
     D:4: 971 daAuts
     D:3: 956 daAuts
